 Dungeon Crawl Stone Soup version 0.31.0-12-g77e489cdc1 (webtiles) character file.

Game seed: 18037562462783466137

97 Silvore the Trooper (level 4, -1/34 (35) HPs)
             Began as a Demonspawn Fighter on Feb 17, 2024.
             Slain by a wight
             ... wielding a +3 hand axe
              (5 damage)
             ... on level 3 of the Dungeon.
             The game lasted 00:02:15 (2431 turns).

Silvore the Trooper (Demonspawn Fighter)            Turns: 2431, Time: 00:02:16

HP:   -1/34 (35)    AC:  8    Str: 19    XL:     4   Next: 42%
MP:   13/13         EV:  9    Int:  8    God:
Gold: 150           SH:  4    Dex: 12    Spells: 3/3 levels left

rFire   + . .        a - +0 long sword
rCold   x . .        c - +0 buckler
rNeg    . . .        b - +0 scale mail
rPois   .            (no helmet)
rElec   .            (no cloak)
rCorr   .            j - +0 pair of gloves
SInv    .            (no boots)
Will    .....        (no amulet) Stlth
                     k - ring of fire
HPRegen 0.25/turn    l - ring of magical power
MPRegen 0.13/turn

%: no passive effects
@: mighty, lightly drained
A: demonic touch 1
a: no special abilities


You were on level 3 of the Dungeon.
You visited 1 branch of the dungeon, and saw 3 of its levels.

You collected 150 gold pieces.

Inventory:

Hand Weapons
 a - a +0 long sword (weapon)
Armour
 b - a +0 scale mail (worn)
 c - a +0 buckler (worn)
 j - a +0 pair of gloves (worn)
Jewellery
 k - a ring of fire (left hand)
 l - a ring of magical power (right hand)
Scrolls
 h - a scroll of teleportation
 m - 3 scrolls of identify
 n - 2 scrolls of amnesia {unknown}
 o - a scroll of fog
Potions
 e - a potion of attraction
 f - a potion of enlightenment
 g - 2 potions of degeneration {unknown}
 i - a potion of lignification {unknown}
 p - a potion of heal wounds {unknown}


   Skills:
 + Level 3.3 Fighting
 + Level 3.1 Long Blades
 + Level 3.2 Armour
 + Level 0.2 Dodging
 + Level 0.1 Stealth
 + Level 3.1 Shields


You had 3 spell levels left.
You didn't know any spells.
Your spell library was empty.

Dungeon Overview and Level Annotations

Branches:
Dungeon (3/15)

Altars:

Shops:
D:2 =


Innate Abilities, Weirdness & Mutations

Your touch may inflict minor irresistible damage on your foes.


Message History

Found a stone staircase leading up.
A wight comes into view. It is wielding a +3 morningstar.
A wight comes into view. It is wielding a +0 long sword.
The goblin shoots a sling bullet.
The sling bullet hits you but does no damage.
A wight comes into view. It is wielding a +3 falchion.
A wight comes into view. It is wielding a +3 hand axe.
A wight comes into view. It is wielding a +1 heavy hand axe.
You hit the wight.
The wight is lightly damaged.
You block the wight's attack. The wight attacks as it pursues you!
You block the wight's attack.
There are monsters nearby!
The wight hits you with a +1 heavy hand axe.
You barely miss the wight.
The wight hits you with a +1 heavy hand axe!
You hit the wight.
The wight is lightly damaged.
The wight closely misses you.
You hit the wight but do no damage.
The wight is lightly damaged.
You feel very mighty all of a sudden.
You barely miss the wight. The wight closely misses you.
You closely miss the wight. The wight hits you with a +3 hand axe.
The wight hits you with a +3 hand axe!
You feel drained.
* * * LOW HITPOINT WARNING * * *
You hit the wight.
The wight is moderately damaged.
You block the wight's attack.
You barely miss the wight.
The wight is moderately damaged.
The wight hits you but does no damage.
You barely miss the wight.
The wight is moderately damaged.
The wight hits you with a +3 hand axe.
* * * LOW HITPOINT WARNING * * *
You closely miss the wight.
The wight is moderately damaged.
The wight hits you with a +3 hand axe.
You die...

#.# #..........#.....#
######...
#.#####.#.#......##.#####
#.##
#...........##...........
##.##
........###.##.#.##...... #
#..#.
............##.#z...###....
#.##.
....)..#######.#gz..zz.....
#.##. ...)...#
#.#z##.#z..##. #....
...##### #.#z##.# ..<..
##### ..<# #@##.# ..#. ...#
#.##.# ... ...# #.##.# #.
...# #.##.# ...######
#.##.. ........# #..
........# #.. ........# #..
........# #...


You could see 4 wights and a goblin.

Vanquished Creatures
  2 adders (D:2)
  3 dart slugs
  2 ribbon worms (D:2)
  An orc (D:3)
  5 bats
  5 endoplasms
  2 giant cockroaches
  3 goblins (D:1)
  9 hobgoblins
  10 jackals
  2 quokkas (D:1)
  4 ball pythons
  2 frilled lizards
  7 kobolds
57 creatures vanquished.

Notes
Turn   | Place    | Note
-------+----------+-------------------------------------------
     0 | D:1      | Silvore the Demonspawn Fighter began the quest for the Orb.
     0 | D:1      | Reached XP level 1. HP: 18/18 MP: 1/1
   131 | D:1      | Discovered your monstrous ancestry.
   131 | D:1      | Gained mutation: Your touch may inflict minor irresistible
                  | damage on your foes. [demonic ancestry]
   131 | D:1      | Reached XP level 2. HP: 24/24 MP: 2/2
   216 | D:1      | You fall into a shaft and drop 1 floor!
   601 | D:1      | Reached XP level 3. HP: 29/29 MP: 3/3
  1273 | D:2      | Reached XP level 4. HP: 35/35 MP: 4/4
  1534 | D:2      | Found Penyih Cofi's Jewellery Shoppe.
  1941 | D:3      | Found a faded altar of an unknown god.
  2431 | D:3      | Slain by a wight

Illustrated notes

Levels and vault maps discovered:
D:1:      ebering_trefoil_3fold, layout_loops_cross
D:2:      layout_basic, serial_shops, nicolae_shop_just_a_little_nook,
          nicolae_the_louvre
D:3:      layout_basic, nicolae_elyvilon_peaceful_grove,
          shapermc_ecumenical_altar_venn, grunt_decor_one_mirror

Skill      XL: |  1  2  3 |
---------------+----------+-----
Shields        | 3 |  3.1
Long Blades    | 2 3 |  3.1
Armour         | 3 |  3.2
Fighting       | |  3.3
Dodging        | |  0.2
Stealth        | |  0.1

Action                     |  1- 3 |  4- 6 || total
---------------------------+-------+-------++-------
  Melee: Long sword        |   110 |    60 ||   170
    Use: Scroll            |     2 |     2 ||     4
         Potion            |       |     1 ||     1
 Armour: Scale mail        |   107 |    39 ||   146
  Dodge: Dodged            |    61 |    17 ||    78
  Block: Buckler           |    36 |    14 ||    50
